 Dungeon Crawl Stone Soup version 0.24.0-13-gcf9b319 (webtiles) character file.

Game seed: 8248938553855667515, levelgen mode: deterministic

153 Bronimir the Charmwright (level 5, 0/61 HPs)
             Began as a Barachi Skald on Apr 6, 2020.
             Succumbed to a worker ant's poison
             ... on level 3 of the Dungeon.
             The game lasted 00:06:34 (3011 turns).

Bronimir the Charmwright (Barachi Skald)            Turns: 3011, Time: 00:06:34

Health: 0/61       AC:  6    Str: 19    XL:     5   Next: 35%
Magic:  0/8        EV: 12    Int: 13    God:
Gold:   74         SH:  0    Dex: 11    Spells: 3/8 levels left

rFire    . . .     SeeInvis .   a - +0 spear
rCold    . . .     Gourm    .   (no shield)
rNeg     . . .     Faith    .   u - +3 leather armour
rPois    .         Spirit   +   (no helmet)
rElec    .         Reflect  .   p - scarf {Spirit}
rCorr    +         Harm     .   (no gloves)
MR       .....                  (no boots)
Stlth    ..........             (no amulet)
HPRegen  0.20/turn              s - ring of resist corrosion
MPRegen  0.11/turn              (no ring)

@: berserking, lethally poisoned (0 -> -7), can't hop, quick
A: +LOS, swims, slowness 1, strong legs 1
a: Hop


You were on level 3 of the Dungeon.
You were not hungry.

You visited 1 branch of the dungeon, and saw 4 of its levels.

You collected 74 gold pieces.

Inventory:

Hand Weapons
 a - a +0 spear (weapon)
 b - a +2 hunting sling of flaming
Missiles
 h - 39 stones (quivered)
 m - 45 bolts
 o - 118 arrows
Armour
 n - a +1 shield
 p - a scarf of spirit shield (worn)
 u - a +3 leather armour (worn)
Jewellery
 c - an uncursed ring of protection from magic
 s - a ring of resist corrosion (left hand)
Scrolls
 f - 2 scrolls of remove curse
 g - 5 scrolls of identify
 j - a scroll of blinking {unknown}
 q - a scroll of fog {unknown}
 v - 2 scrolls of teleportation
 w - a scroll of immolation {unknown}
Potions
 e - 4 potions of curing
 i - a potion of berserk rage
 k - 2 potions of ambrosia {unknown}
 l - 3 potions of flight {unknown}
 r - a potion of heal wounds {unknown}
Comestibles
 d - 5 rations


   Skills:
 * Level 3.1 Fighting
 * Level 3.2 Polearms
 + Level 1.1 Slings
 * Level 2.5 Armour
 + Level 2.6 Dodging
 + Level 2.3 Spellcasting
 * Level 4.3 Charms


You had 3 spell levels left.
You knew the following spells:

 Your Spells              Type           Power        Failure   Level  Hunger
a - Infusion              Chrm           ##..         4%          1    #......
b - Song of Slaying       Chrm           ##......     8%          2    ###....
c - Shroud of Golubria    Chrm/Tloc      #.....       19%         2    ###....

Your spell library contained the following spells:

 Spells                   Type           Power        Failure   Level  Hunger
 Regeneration             Chrm/Necr      #.........   36%         3    ###....
 Spectral Weapon          Hex/Chrm       #.......     36%         3    ###....


Dungeon Overview and Level Annotations

Branches:
Dungeon (4/15)
 Temple: D:4-7

Altars:
Trog
Xom


Innate Abilities, Weirdness & Mutations

Shadows flee at your approach. (+LOS)
You can swim through water.
You cover ground slowly.
You can hop short distances.


Message History

The worker ant is moderately wounded.
* * * LOW HITPOINT WARNING * * *
You feel sick. The kobold hits you but does no damage.
The worker ant bites you but does no damage.
You hit the worker ant.
The worker ant is severely wounded.
* * * LOW HITPOINT WARNING * * *
You feel sick. The worker ant bites you.
* * * LOW HITPOINT WARNING * * *
The kobold hits you but does no damage.
You puncture the worker ant!
You kill the worker ant!
* * * LOW HITPOINT WARNING * * *
You feel sick.
You puncture the orc!
You kill the orc!
The kobold hits you with a +0 dagger.
* * * LOW HITPOINT WARNING * * *
You barely miss the kobold.
You die...

...# ...# ...# ## ...# ##
.. ...# .## .# ####
...######..# ##.# ....#
..........# .##S. .....#
..........#..###K#......#
...............#@)......#
...#.###.##.##.####.....#
...#.# #.# #### .^.#.#
#.# ...#.# #.#
...#.###.##. .....#......
#.####.##.. ..
#......###...#


You could see an adder and a kobold.

Vanquished Creatures
  2 worker ants (D:3)
  A gnoll (D:3)
  3 adders
  2 oozes
  3 leopard geckos
  4 orcs
  6 bats
  6 giant cockroaches
  6 goblins
  7 hobgoblins
  2 quokkas (D:2)
  4 frilled lizards
  3 kobolds
  4 rats (D:2)
53 creatures vanquished.

Notes
Turn   | Place    | Note
-------+----------+-------------------------------------------
     0 | D:1      | Bronimir the Barachi Skald began the quest for the Orb.
     0 | D:1      | Reached XP level 1. HP: 17/17 MP: 3/3
   503 | D:1      | Reached XP level 2. HP: 23/23 MP: 5/5
   824 | D:2      | Reached XP level 3. HP: 27/28 MP: 6/6
   826 | D:2      | Reached skill level 4 in Charms
  1459 | D:2      | HP: 1/28 [orc/+0 trident (5)]
  1870 | D:2      | Learned a level 2 spell: Song of Slaying
  1873 | D:2      | Learned a level 2 spell: Shroud of Golubria
  2093 | D:2      | Reached skill level 1 in Slings
  2320 | D:2      | Reached XP level 4. HP: 29/34 MP: 2/7
  2380 | D:2      | Found a shimmering altar of Xom.
  2715 | D:3      | Found a bloodstained altar of Trog.
  2933 | D:3      | Reached XP level 5. HP: 41/41 MP: 8/8
  3008 | D:3      | HP: 3/61 [worker ant (1)]
  3010 | D:3      | HP: 1/61 [kobold/+0 dagger (1)]
  3011 | D:3      | Succumbed to a worker ant's poison

Levels and vault maps discovered:
D:1:      scummos_arrival_forest, layout_loops_ring
D:2:      layout_basic, old_standard_altar
D:3:      layout_loops_cross, lightli_temple_of_fire, bloody_trog
D:4:      minmay_chambers_of_twos, layout_rooms, serial_shops, shop,
          nicolae_shop_behind_doors, nicolae_shop_overgrown_old_shop,
          nicolae_shop_window_shopping,
          nicolae_shop_competitors_out_of_business, first_ration

Skill      XL: |  1  2  3  4  5 |
---------------+----------------+-----
Charms         | 4 |  4.3
Armour         | 2 |  2.5
Slings         | 1 |  1.1
Fighting       | 3 |  3.1
Polearms       | 3 |  3.2
Dodging        | |  2.6
Spellcasting   | |  2.3

Action                   |  1- 3 |  4- 6 || total
-------------------------+-------+-------++-------
Melee: Spear             |   111 |    73 ||   184
 Fire: Hunting sling     |    52 |       ||    52
 Cast: Infusion          |     4 |     4 ||     8
       Song of Slaying   |       |     1 ||     1
 Abil: Hop               |     2 |     1 ||     3
  Use: Scroll            |     5 |       ||     5
       Potion            |       |     1 ||     1
  Eat: Chunk             |     5 |     3 ||     8
Armor: Leather armour    |    33 |    22 ||    55
Dodge: Dodged            |    88 |    54 ||   142
